 Dungeon Crawl Stone Soup version 0.30-a0-632-g346586fe48 (webtiles) character file.

Game seed: 1785698404319168982

17713 Darkkill the Fighter (level 12, -28/118 HPs)
             Began as a Minotaur Hunter on Jan 13, 2023.
             Was an Initiate of Gozag.
             Killed from afar by a deep elf pyromancer (29 damage)
             ... with a bolt of fire
             ... in a volcano.
             The game lasted 00:16:11 (13792 turns).

Darkkill the Fighter (Minotaur Hunter)             Turns: 13792, Time: 00:16:12

Health: -28/118    AC: 12    Str: 21    XL:     12   Next: 21%
Magic:  0/11       EV: 19    Int:  8    God:    Gozag
Gold:   244        SH:  0    Dex: 22    Spells: 11/11 levels left

rFire   . . .      SeeInvis .    c - +1 arbalest
rCold   + + .      Faith    .    (shield currently unavailable)
rNeg    . . .      Spirit   +    v - +0 ring mail of Pubast {Fly Str+4 Int+2 Dex+4}
rPois   .          Reflect  .    q - +2 hat
rElec   .          Harm     .    (no cloak)
rCorr   .          Rampage  .    k - +1 pair of gloves
Will    .....                    o - +2 pair of boots
Stlth   +++++                    r - amulet of Postri {Spirit rC++ Stlth+}
HPRegen 0.39/turn                (no ring)
MPRegen 0.12/turn                (no ring)

@: gold aura, flying, studying Fighting
A: horns 2, retaliatory headbutt
a: Renounce Religion, Potion Petition, Call Merchant, Bribe Branch


You were in a volcano.
You worshipped Gozag.
Gozag was aware of your devotion.
You visited 3 branches of the dungeon, and saw 13 of its levels.
You visited 1 bazaar.
You also visited: Volcano.

You collected 2390 gold pieces.
You spent 420 gold pieces at shops.
You paid 1726 gold pieces to Gozag.

Inventory:

Hand Weapons
 c - a +1 arbalest (weapon)
Missiles
 e - 32 poisoned darts
 f - 77 stones
 s - 5 javelins
 u - 7 boomerangs
 y - 4 curare-tipped darts {=f !f}
 B - a throwing net {=f !f}
Armour
 k - a +1 pair of gloves (worn)
 o - a +2 pair of boots (worn)
 p - a +2 pair of boots
 q - a +2 hat (worn)
 v - the +0 ring mail of Pubast (worn) {Fly Str+4 Int+2 Dex+4}
   (You found it on level 6 of the Dungeon)

   Str:       It affects your strength (+4).
   Int:       It affects your intelligence (+2).
   Dex:       It affects your dexterity (+4).
   Fly:       It grants you flight.
Jewellery
 r - the amulet of Postri (around neck) {Spirit rC++ Stlth+}
   (You found it on level 5 of the Dungeon)

   [amulet of guardian spirit]

   It causes incoming damage to be divided between your reserves of health and
   magic.
   rC:        It greatly protects you from cold.
   Stlth:     It makes you more stealthy.
Wands
 m - a wand of roots (3)
 A - a wand of digging (4)
Scrolls
 b - 5 scrolls of immolation
 h - 3 scrolls of teleportation
 t - 2 scrolls of fear
 x - 2 scrolls of fog
Potions
 d - 3 potions of might
 g - 2 potions of lignification
 i - 3 potions of brilliance
 j - a potion of haste
 l - a potion of resistance
 n - 3 potions of attraction
 z - 4 potions of invisibility
 C - a potion of flight
 E - a potion of cancellation
 G - a potion of mutation


   Skills:
 + Level 14.9 Fighting
 + Level 12.0 Ranged Weapons
 + Level 11.3 Dodging
 + Level 9.4 Stealth


You had 11 spell levels left.
You didn't know any spells.
Your spell library contained the following spells:

 Spells                   Type           Power      Damage    Failure   Level
 Apportation              Tloc           0%         N/A       58%         1
 Necrotise                Necr           0%         1d4       58%         1
 Shock                    Conj/Air       0%         1d3       58%         1
 Summon Small Mammal      Summ           0%         N/A       58%         1
 Frozen Ramparts          Ice            0%         1d1       91%         3
 Swiftness                Air            0%         N/A       91%         3
 Tukima's Dance           Hex            0%         N/A       91%         3
 Airstrike                Air            0%         2d(0-16)  100%        4
 Ice Form                 Ice/Tmut       0%         N/A       100%        4
 Passage of Golubria      Tloc           0%         N/A       100%        4
 Summon Ice Beast         Ice/Summ       0%         N/A       100%        4
 Yara's Violent Unravell  Hex/Tmut       0%         3d3       100%        5


Dungeon Overview and Level Annotations

Branches:
Dungeon (11/15)            Temple (1/1) D:5            Lair (1/5) D:11
Volcano (1/1)
    Orc: D:9-12

Altars:
Ashenzari
Cheibriados
Dithmenos
Elyvilon
Fedhas
Gozag
Hepliaklqana
Kikubaaqudgha
Makhleb
Nemelex Xobeh
Okawaru
Qazlal
Ru
Sif Muna
Trog
Uskayaw
Vehumet
Wu Jian
Xom
Yredelemnul
Zin
The Shining One

Shops:
D:5 *(*   D:7 =   D:9 !   D:11 ((*


Innate Abilities, Weirdness & Mutations

You have a pair of horns on your head.
You reflexively headbutt those who attack you in melee.


Message History

The deep elf archer shoots an arrow.
The arrow hits you!! The arrow burns you!
You are too injured to fight recklessly!
You are too injured to fight recklessly!
You are too injured to fight recklessly!
Fire: c) +1 arbalest
Press: ? - help, Q - select action, (/) - cycle Shift-Dir - straight line, f/p - deep elf archer
Aim: a deep elf archer, wielding a +0 shortbow of flaming (heavily wounded, repelling missiles, 20% to hit)
You shoot a bolt. The bolt misses the deep elf archer.
The bolt hits the deep elf pyromancer!!
The deep elf pyromancer is severely wounded.
The deep elf archer shoots an arrow.
The arrow hits you! The arrow burns you.
The deep elf pyromancer casts a spell.
Fire: c) +1 arbalest
Press: ? - help, Q - select action, (/) - cycle Shift-Dir - straight line, f/p - deep elf archer
Aim: a deep elf archer, wielding a +0 shortbow of flaming (heavily wounded, repelling missiles, 20% to hit)
You shoot a bolt.
The bolt closely misses the deep elf archer.
The bolt closely misses the deep elf pyromancer.
The deep elf archer casts a spell at you.
You resist with significant effort.
The deep elf pyromancer gestures wildly while chanting.
The deep elf pyromancer blinks!
Fire: c) +1 arbalest
Press: ? - help, Q - select action, (/) - cycle Shift-Dir - straight line, f/p - deep elf archer
Aim: a deep elf archer, wielding a +0 shortbow of flaming (moderately wounded, repelling missiles, 20% to hit)
You shoot a bolt. The bolt hits the deep elf archer!!!
You kill the deep elf archer!
The fire elemental hits you. The fire elemental burns you!
The fire elemental misses you. You furiously retaliate!
You headbutt the fire elemental! The fire elemental misses you.
Your Ranged Weapons skill increases to level 12!
Fire: c) +1 arbalest
Press: ? - help, Q - select action, (/) - cycle Shift-Dir - straight line, f - fire elemental
Aim: a fire elemental (summoned, 67% to hit)
You shoot a bolt.
The bolt closely misses the fire elemental.
The fire elemental closely misses you.
The fire elemental is distracted by your dazzling golden aura.
The deep elf pyromancer gestures at you while chanting.
The bolt of fire hits the fire elemental.
The fire elemental completely resists.
The bolt of fire hits you!!
* * * LOW HITPOINT WARNING * * *
The fire elemental closely misses you.
The deep elf pyromancer gestures at you while chanting.
The bolt of fire hits the fire elemental.
The fire elemental completely resists.
The bolt of fire hits you!!
* * * LOW HITPOINT WARNING * * *
Unknown command.
You feel much better.
The fire elemental is no longer distracted by gold.
The fire elemental completely misses you.
You furiously retaliate!
You headbutt the fire elemental, but do no damage.
The fire elemental is distracted by your dazzling golden aura.
The deep elf pyromancer points at you and mumbles some strange words.
The bolt of fire hits the fire elemental.
The fire elemental completely resists.
The bolt of fire misses you.
You feel much better.
The fire elemental is no longer distracted by gold.
The fire elemental barely misses you. The fire elemental hits you.
The fire elemental burns you! The fire elemental hits you.
The fire elemental burns you!
* * * LOW HITPOINT WARNING * * *
The fire elemental hits you. The fire elemental burns you!
* * * LOW HITPOINT WARNING * * *
Aiming: Fastroot
Press: ? - help, Q - select action, (/) - cycle Shift-Dir - straight line, f - you, p - fire elemental The roots erupt in riotous growth!
The fire elemental is unaffected. x2
You hear a shout!
You hear a bark!
The fire elemental barely misses you. The fire elemental hits you.
The fire elemental burns you!
* * * LOW HITPOINT WARNING * * *
You hear a bark!
You hear a shout!
Aiming: Fastroot
Press: ? - help, Q - select action, (/) - cycle Shift-Dir - straight line, f - deep elf pyromancer
Aim: a deep elf pyromancer, wielding a +0 dagger (severely wounded)
The roots erupt in riotous growth!
The fire elemental is unaffected. x2
Roots grab the deep elf pyromancer.
The grasping roots constrict the deep elf pyromancer.
The fire elemental hits you. The fire elemental burns you!
* * * LOW HITPOINT WARNING * * *
The fire elemental completely misses you.
You furiously retaliate!
You headbutt the fire elemental.
Aiming: Fastroot
Press: ? - help, Q - select action, (/) - cycle Shift-Dir - straight line, f - fire elemental, p - deep elf pyromancer
Aim: a fire elemental (moderately damaged, summoned, immune to roots)
The roots erupt in riotous growth!
The fire elemental is unaffected. x2
The deep elf pyromancer is unaffected.
The grasping roots constrict the deep elf pyromancer.
You hear a bark!
The roots release their grip on the deep elf pyromancer.
The fire elemental hits you. The fire elemental burns you!
* * * LOW HITPOINT WARNING * * *
The fire elemental barely misses you.
The fire elemental completely misses you.
The deep elf pyromancer gestures at you while chanting.
The bolt of fire hits the fire elemental.
The fire elemental completely resists.
The bolt of fire hits you!!
You die...
Your body crumbles into a pile of gold.

## ##§ ...#..# ≈§≈
#.+ h.#..#
≈≈###...# ..#..#
###.....## ..#..#
#.# .≈..#.#+#e#..#
..# ..E#...###.e#
..####..+.....#EE#
#.'..####.....#.@#
###.....###...#..#
§§###.....###E#..#
§≈≈§###...#.eE#..#
##≈§§≈###.'.°○#[.#
###≈≈§≈###...#..#
###≈≈§≈###.#..#
###§≈§≈###.[#
###≈≈§≈####


You could see a deep elf pyromancer and 2 fire elementals.

Vanquished Creatures
  2 two-headed ogres (D:10)
  A centaur warrior (D:10)
  3 skeletal warriors (D:11)
  A deep elf archer (Volcano)
  2 oklob plants (D:11)
  A gargoyle (D:11)
  An unseen horror (D:11)
  A kobold demonologist (D:9)
  2 trolls (D:11)
  4 hornets
  2 wyverns
  25 yaks
  A wraith (D:10)
  Eustachio (D:6)
  6 fire elementals (Volcano)
  3 steam dragons
  3 humans (D:11)
  An acid dragon (D:11)
  3 hell hounds (Volcano)
  5 water moccasins
  7 orc warriors
  4 sky beasts
  4 ice beasts
  6 wolves (Lair:1)
  2 ogres
  6 centaurs
  3 kobold brigands
  2 necrophages
  7 bullfrogs
  3 scorpions
  3 howler monkeys
  7 orc priests
  A hound (D:4)
  A jelly (D:6)
  Crazy Yiuf (D:4)
  Jessica (D:2)
  2 iguanas
  10 orc wizards
  Robin (D:3)
  5 adders
  A gnoll (D:1)
  3 shadow imps
  2 white imps
  2 worms
  3 dart slugs
  48 orcs
  6 endoplasms
  3 giant cockroaches
  13 goblins
  10 hobgoblins
  25 kobolds
  3 quokkas
  10 ball pythons
  5 bats
  3 frilled lizards
  4 rats
  A bush (D:8)
286 creatures vanquished.

Vanquished Creatures (others)
  4 fungi
  17 plants
21 creatures vanquished.

Grand Total: 307 creatures vanquished

Notes
Turn   | Place    | Note
-------+----------+-------------------------------------------
     0 | D:1      | Darkkill the Minotaur Hunter began the quest for the Orb.
     0 | D:1      | Reached XP level 1. HP: 18/18 MP: 0/0
    52 | D:1      | Reached skill level 1 in Stealth
    52 | D:1      | Reached XP level 2. HP: 25/25 MP: 1/1
   493 | D:1      | Reached skill level 3 in Fighting
   641 | D:1      | Reached XP level 3. HP: 31/31 MP: 2/2
   838 | D:1      | Found a faded altar of an unknown god.
  1042 | D:2      | You fall into a shaft and drop 1 floor!
  1320 | D:2      | Noticed Jessica
  1324 | D:2      | Killed Jessica
  1325 | D:2      | Reached XP level 4. HP: 38/38 MP: 3/3
  2016 | D:3      | Reached skill level 5 in Ranged Weapons
  2118 | D:3      | Noticed Robin
  2133 | D:3      | HP: 5/39 [Robin/+0 spear of freezing (4)]
  2134 | D:3      | Killed Robin
  2735 | D:4      | Found a sacrificial altar of Ru.
  2737 | D:4      | Found an iron altar of Okawaru.
  2761 | D:4      | Found a burning altar of Makhleb.
  2778 | D:4      | Reached XP level 5. HP: 32/46 MP: 4/4
  2968 | D:4      | Reached skill level 4 in Fighting
  3306 | D:4      | Noticed an ogre
  3311 | D:4      | Killed an ogre
  3312 | D:4      | Reached XP level 6. HP: 53/53 MP: 5/5
  3523 | D:4      | Found a runed translucent door.
  3524 | D:4      | Noticed Crazy Yiuf
  3903 | D:4      | Killed Crazy Yiuf
  3972 | D:5      | Entered Level 5 of the Dungeon
  3972 | D:5      | Noticed a water moccasin
  3972 | D:5      | Found Wyiwus's Weapon Shoppe.
  3979 | D:5      | Killed a water moccasin
  3980 | D:5      | Reached skill level 5 in Fighting
  3980 | D:5      | Reached XP level 7. HP: 27/61 MP: 3/6
  4223 | D:5      | Found Neynoblu's Assorted Antiques.
  4226 | D:5      | Bought a runed quarterstaff for 196 gold pieces
  4226 | D:5      | Bought a scroll labelled IVUSSA NOGEVYADGH for 28 gold
                  | pieces
  4402 | D:5      | Identified the amulet of Postri {Spirit rC++ Stlth+}
  4473 | D:5      | Found Afiem's Assorted Antiques.
  4680 | D:5      | Found a staircase to the Ecumenical Temple.
  4870 | Temple   | Entered the Ecumenical Temple
  5034 | D:5      | Reached skill level 5 in Dodging
  5278 | D:6      | Reached skill level 6 in Fighting
  5278 | D:6      | Reached XP level 8. HP: 48/70 MP: 5/7
  5567 | D:6      | Identified the +0 ring mail of Pubast {Fly Str+4 Int+2
                  | Dex+4}
  5919 | D:6      | Found a shimmering altar of Xom.
  6186 | D:6      | Noticed Eustachio
  6214 | D:6      | Killed Eustachio
  6215 | D:6      | Reached skill level 7 in Fighting
  6215 | D:6      | Reached skill level 5 in Stealth
  6572 | Temple   | Became a worshipper of Gozag Ym Sagoz the Greedy
  6867 | D:7      | Reached XP level 9. HP: 79/79 MP: 8/8
  7205 | D:7      | Found Vuvuf's Jewellery Shop.
  7210 | D:7      | Reached skill level 8 in Fighting
  8243 | D:8      | Paralysed by a hornet for 1 turns
  8579 | D:8      | Reached skill level 9 in Fighting
  8958 | D:8      | Reached XP level 10. HP: 91/91 MP: 9/9
  9321 | D:9      | Reached skill level 10 in Fighting
  9817 | D:9      | Bought a potion of heal wounds for 70 gold pieces
  9817 | D:9      | Bought a potion of curing for 42 gold pieces
  9817 | D:9      | Bought a potion of curing for 42 gold pieces
  9817 | D:9      | Bought a potion of curing for 42 gold pieces
 10105 | D:9      | Reached skill level 11 in Fighting
 10394 | D:10     | Entered Level 10 of the Dungeon
 10419 | D:10     | Reached skill level 10 in Ranged Weapons
 10457 | D:10     | Noticed a two-headed ogre
 10463 | D:10     | Killed a two-headed ogre
 10509 | D:10     | Reached XP level 11. HP: 79/104 MP: 7/10
 10665 | D:10     | Reached skill level 12 in Fighting
 10690 | D:10     | Noticed a two-headed ogre
 10702 | D:10     | Killed a two-headed ogre
 11072 | D:10     | Noticed a centaur warrior
 11080 | D:10     | Killed a centaur warrior
 11291 | D:11     | Reached skill level 10 in Dodging
 11317 | D:11     | Found Siepiony's General Store.
 11356 | D:11     | Found a flickering gateway to a bazaar.
 11396 | Bazaar   | Entered a bazaar
 11510 | Bazaar   | Found Dubeib's Antique Armour Boutique.
 11514 | Bazaar   | Found Egiv's Antique Weapon Boutique.
 11514 | Bazaar   | Found Geddog's Magic Scroll Boutique.
 11514 | Bazaar   | Found Tilinkaw's Magic Scroll Boutique.
 11704 | D:11     | Found a staircase to the Lair.
 11708 | D:11     | Noticed an oklob plant
 11713 | D:11     | Killed an oklob plant
 11714 | D:11     | Reached skill level 13 in Fighting
 11724 | D:11     | Noticed an oklob plant
 12020 | D:11     | Noticed a skeletal warrior
 12022 | D:11     | Noticed a skeletal warrior
 12023 | D:11     | Noticed a skeletal warrior
 12025 | D:11     | Noticed a skeletal warrior
 12029 | D:11     | Killed a skeletal warrior
 12034 | D:11     | Killed a skeletal warrior
 12041 | D:11     | HP: 21/107 [skeletal warrior/+0 hand axe (15)]
 12047 | D:11     | Found Tuaroalu's Antique Weapon Emporium.
 12409 | D:11     | Found Neclueg's Weapon Emporium.
 12483 | D:11     | Found a stormy altar of Qazlal.
 12553 | D:11     | Killed a skeletal warrior
 12554 | D:11     | Reached skill level 14 in Fighting
 12865 | D:11     | Killed an oklob plant
 12911 | Lair:1   | Entered Level 1 of the Lair of Beasts
 13014 | Lair:1   | HP: 15/111 [yak (12)]
 13026 | Lair:1   | Reached XP level 12. HP: 96/118 MP: 1/11
 13172 | Lair:1   | Found a dark tunnel.
 13201 | Volcano  | Entered a volcano
 13466 | Volcano  | HP: 22/118 [fire elemental[a deep elf pyromancer] (11)]
 13471 | Volcano  | HP: 14/118 [fire elemental[a deep elf pyromancer] (7)]
 13472 | Volcano  | HP: 3/118 [fire elemental[a deep elf pyromancer] (4)]
 13787 | Volcano  | HP: 2/118 [deep elf pyromancer/bolt of fire (24)]
 13792 | Volcano  | HP: 1/118 [fire elemental[a deep elf pyromancer] (14)]
 13792 | Volcano  | Killed from afar by a deep elf pyromancer

Illustrated notes

Levels and vault maps discovered:
D:1:      dpeg_arrival_arbitrary_c, layout_basic, serial_forest,
          infiniplex_forest_lined_room_, infiniplex_forest_clump_C,
          infiniplex_forest_lined_2, infiniplex_forest_clump_large,
          infiniplex_forest_split, hellmonk_ecumenical_altar_leap_of_faith,
          nicolae_grassy_gnolls
D:2:      layout_basic, minivault_14, hangedman_decor_growths, uniq_jessica
D:3:      layout_loops_corners, grunt_decor_resistance, uniq_robin
D:4:      layout_basic, grunt_temple_overflow_open, kennysheep_dice,
          uniq_crazy_yiuf_cottage
D:5:      layout_basic, minmay_temple_entry_fiery, serial_shops,
          kennysheep_mini_moat, nicolae_inconvenience_store,
          nicolae_stop_n_shop_2
D:6:      layout_basic, kennysheep_little_box, chequers_big_river,
          minmay_diced_spiral, uniq_eustachio
D:7:      layout_loops_ring, serial_shops, nicolae_diamond_shop,
          minmay_misc_feat_encased
D:8:      layout_basic, kb_lookout_dungeons_type, kennysheep_pointless_box,
          minmay_manual_mares
D:9:      layout_roguey [special_room_orc], minmay_variable_closet,
          dreamdust_mushroom_princess
D:10:     layout_rooms
D:11:     layout_loops_ring, dpeg_oklobed_lair, serial_shops,
          bzr_entry_customers, shop_fountains,
          nicolae_shop_temple_entry_statues_fountains, nicolae_shop_stone,
          grunt_qazlal_clouds
Temple:   mainiacjoe_temple_bowtie_tessellation
Lair:1:   layout_cave_pods, nicolae_volcano_entry_lava_flow,
          grunt_forest_large_clearing_hut, grunt_megastairs_3,
          serial_bayou_shore_b
Volcano:  hellmonk_pyromancer_palace

Skill      XL: |  1  2  3  4  5  6  7  8  9 10 11 12 |
---------------+-------------------------------------+-----
Stealth        | 1 2 3 4 5 6 7 9 |  9.4
Fighting       | 3 4 5 6 7 9 11 14 | 14.9
Dodging        | 3 4 5 6 8 9 11 | 11.3
Ranged Weapons | 5 6 7 9 10 11 12 | 12.0

Action                   |  1- 3 |  4- 6 |  7- 9 | 10-12 || total
-------------------------+-------+-------+-------+-------++-------
Melee: Shortbow          |       |     2 |     2 |       ||     4
       Headbutt          |       |     1 |       |     3 ||     4
       Arbalest          |       |       |       |    10 ||    10
 Fire: Shortbow          |    68 |   141 |   202 |       ||   411
       Arbalest          |       |       |    88 |   428 ||   516
Invok: Call Merchant     |       |       |       |     1 ||     1
       Potion Petition   |       |       |       |     4 ||     4
Evoke: Wand              |       |       |     1 |     9 ||    10
  Use: Scroll            |     4 |     7 |    11 |    16 ||    38
       Potion            |       |       |     6 |    10 ||    16
Armor: Leather armour    |     1 |    25 |    30 |       ||    56
       Ring mail         |       |       |    42 |   111 ||   153
Dodge: Dodged            |     9 |    62 |   152 |   314 ||   537

Table legend: (Time is in decaauts)
 A = Elapsed time spent in this place.
 B = Non-inter-level travel time spent in this place.
 C = Inter-level travel time spent in this place.
 D = Time resting spent in this place.
 E = Time spent auto-exploring this place.
 F = Levels seen in this place.
 G = Mean time per level.
                   A        B        C        D        E       F      G
               +--------+--------+--------+--------+--------+-----+--------+
         Total |  14185 |  13232 |    953 |    716 |  10413 |  15 |  945.7 |
       Dungeon |  12828 |  11982 |    846 |    344 |   9809 |  11 | 1166.2 |
        Temple |    275 |    173 |    102 |      0 |    155 |   1 |  275.0 |
          Lair |    319 |    314 |      5 |      0 |    215 |   1 |  319.0 |
        Bazaar |    153 |    153 |      0 |    112 |      3 |   1 |  153.0 |
       Volcano |    608 |    608 |      0 |    260 |    231 |   1 |  608.0 |
               +--------+--------+--------+--------+--------+-----+--------+

Top non-repeatable levels by time:
    D:11: 1535 daAuts
     D:8: 1495 daAuts
     D:6: 1322 daAuts
     D:5: 1288 daAuts
     D:4: 1264 daAuts
     D:9: 1138 daAuts
     D:7: 1093 daAuts
     D:1: 1044 daAuts
     D:3: 1044 daAuts
    D:10: 924 daAuts
     D:2: 677 daAuts
 Volcano: 608 daAuts
  Lair:1: 319 daAuts
  Temple: 275 daAuts
  Bazaar: 153 daAuts

Table legend:
 A = Kills in this place as a percentage of kills in entire the game.
 B = Kills by you in this place as a percentage of kills by you in the entire game.
 C = Kills by friends in this place as a percentage of kills by friends in the entire game.
 D = Other kills in this place as a percentage of other kills in the entire game.
 E = Experience gained in this place as a percentage of experience gained in the entire game.
 F = Experience gained in this place divided by the number of levels of this place that you have seen.
                   A       B       C       D       E      F
               +-------+-------+-------+-------+-------+----------------------
         Total | 100.0 | 100.0 |   N/A |   N/A | 100.0 | 1687.0
       Dungeon |  90.9 |  90.9 |   N/A |   N/A |  81.6 | 1877.5
          Lair |   5.6 |   5.6 |   N/A |   N/A |   9.6 | 2420.0
       Volcano |   3.5 |   3.5 |   N/A |   N/A |   8.8 | 2233.0
               +-------+-------+-------+-------+-------+----------------------
